 Dungeon Crawl Stone Soup version 0.31.0-7-gf635a9b802 (webtiles) character file.

Game seed: 6317531530112667756

23 Crownlay the Trooper (level 3, -1/30 HPs)
             Began as a Djinni Monk on Jan 23, 2024.
             Slain by an adder (2 damage)
             ... on level 2 of the Dungeon.
             The game lasted 00:01:06 (1175 turns).

Crownlay the Trooper (Djinni Monk)                  Turns: 1175, Time: 00:01:06

Health: -1/30      AC:  2    Str: 10    XL:     3   Next: 12%
Gold:   100        EV: 14    Int: 13    God:
                   SH:  0    Dex: 21

rFire   + + .        a - +0 short sword
rCold   x . .        d - orb {light}
rNeg    . . .        b - +0 robe
rPois   ∞            (no helmet)
rElec   .            (no cloak)
rCorr   .            (no gloves)
SInv    .            (boots unavailable)
Will    .....        (no amulet)
Stlth   +            l - ring of Ukoczeyca {rPois Dex+6}
HPRegen 0.25/turn    (no ring)
MPRegen 0.00/turn

%: infuse magic (-2 HP)
@: flying, glowing
A: sickness immunity, fire resistance 2, cold vulnerability 1, float, innate
caster, HP casting, extra vitality 1
a: no special abilities


You were on level 2 of the Dungeon.
You visited 1 branch of the dungeon, and saw 2 of its levels.

You collected 100 gold pieces.

Inventory:

Hand Weapons
 a - a +0 short sword (weapon)
Armour
 b - a +0 robe (worn)
 d - an orb of light (worn)
Magical Staves
 h - a staff of death
 i - a staff of conjuration
Jewellery
 l - the ring of Ukoczeyca (left hand) {rPois Dex+6}
   (You found it on level 2 of the Dungeon)

   [ring of dexterity]

   Dex+6:     It affects your dexterity (+6).
   rPois:     It protects you from poison
Scrolls
 f - a scroll of amnesia {unknown}
 k - a scroll of identify {unknown}
Potions
 c - a potion of ambrosia
 e - 2 potions of curing {unknown}
 g - a potion of invisibility {unknown}
 j - a potion of cancellation {unknown}


   Skills:
 * Level 3.6 Fighting
 - Level 2.6 Short Blades
 - Level 3.2 Dodging
 + Level 0.8 Spellcasting
 + Level 0.8 Conjurations
 + Level 0.8 Hexes
   Level 0.0 Charms
 + Level 0.8 Summonings
 + Level 0.8 Necromancy
 + Level 0.8 Translocations
   Level 0.0 Transmutations
 + Level 0.8 Fire Magic
 + Level 0.8 Ice Magic
 + Level 0.8 Air Magic
 + Level 0.8 Earth Magic
 + Level 0.8 Alchemy


You knew the following spells:

 Your Spells              Type           Power      Damage    Failure   Level
a - Necrotise             Necr           8%         1d4       21%         1
Your spell library was empty.

Dungeon Overview and Level Annotations

Branches:
Dungeon (2/15)

Altars:


Innate Abilities, Weirdness & Mutations

You are immune to sickness and miasma.
You are immune to poison.
Your flesh is very heat resistant. (rF++)
You are vulnerable to cold. (rC-)
You float through the air rather than walking.
You learn spells naturally, not from books.
Your magical power is your life essence.
You have superior vitality. (+4 MHP)


Message History

Aiming: Necrotise (safe; 21% risk of failure)
Press: ? - help, Shift-Dir - straight line, f/p - ribbon worm
Aim: a ribbon worm (severely wounded, catching its breath, haloed, chance to affect: 50%)
The ribbon worm resists with some effort.
The ribbon worm closely misses you.
You hit the ribbon worm but do no damage.
The ribbon worm is severely wounded.
You hit the ribbon worm.
The ribbon worm is almost dead.
The ribbon worm misses you.
You hit the ribbon worm but do no damage.
The ribbon worm is almost dead.
The ribbon worm bites you.
* * * LOW HITPOINT WARNING * * *
You hit the ribbon worm.
The ribbon worm is almost dead.
The ribbon worm barely misses you.
You hit the ribbon worm.
You kill the ribbon worm!
The adder bites you but does no damage.
You closely miss the adder. The adder bites you.
* * * LOW HITPOINT WARNING * * *
You hit the adder.
The adder is moderately wounded.
The adder barely misses you.
You completely miss the adder.
The adder is moderately wounded.
The adder bites you.
* * * LOW HITPOINT WARNING * * *
You hit the adder.
The adder is almost dead.
The adder bites you but does no damage.
Casting: Necrotise (safe; 21% risk of failure)
Confirm with . or Enter, or press ? or * to list all spells.
You don't have enough health to cast this spell.
Unknown command.
You closely miss the adder.
The adder is almost dead.
The adder bites you.
You die...

## #.# #.< ## ####.
#..#############.†..
##.#..............##.
##..
.#####..########. ...
######.## #.
#.##......# #.
#.S@.###### #. ######
## # # # ... ....
.##.


You could see an adder.

Vanquished Creatures
  A dart slug (D:2)
  A ribbon worm (D:2)
  2 endoplasms
  2 giant cockroaches (D:1)
  A goblin (D:1)
  2 hobgoblins (D:1)
  2 quokkas (D:1)
  2 ball pythons (D:1)
  3 bats (D:1)
  A frilled lizard (D:1)
  2 rats (D:1)
19 creatures vanquished.

Notes
Turn   | Place    | Note
-------+----------+-------------------------------------------
     0 | D:1      | Crownlay the Djinni Monk began the quest for the Orb.
     0 | D:1      | Reached XP level 1. HP: 20/20 MP: 0/0
   282 | D:1      | Reached XP level 2. HP: 16/25 MP: 0/0
  1077 | D:2      | Identified the ring of Ukoczeyca {rPois Dex+6}
  1091 | D:2      | Reached XP level 3. HP: 22/30 MP: 0/0
  1091 | D:2      | Learned a level 1 spell: Necrotise
  1173 | D:2      | HP: 1/30 [adder (3)]
  1175 | D:2      | Slain by an adder

Illustrated notes

Levels and vault maps discovered:
D:1:      orjb1_lava_funnel, layout_loops_corners
D:2:      layout_rooms, serial_shops, shop, minivault_26

Action                     || total
---------------------------++-------
  Melee: Short sword       ||    91
   Cast: Necrotise         ||     4
 Armour: Robe              ||    34
  Dodge: Dodged            ||    64
